 Dungeon Crawl Stone Soup version 0.20-a0-1126-g0f15420 (webtiles) character file.

223 wolfsongas the Chopper (level 5, -6/41 HPs)
             Began as a Demonspawn Fighter on May 17, 2017.
             Killed by divine providence
             ... invoked by an orc priest
              (16 damage)
             ... on level 4 of the Dungeon.
             The game lasted 00:04:26 (2462 turns).

wolfsongas the Chopper (Demonspawn Fighter)         Turns: 2462, Time: 00:04:27

Health: -6/41      AC: 12    Str: 18    XL:     5   Next: 66%
Magic:  5/5        EV:  5    Int:  9    God:
Gold:   136        SH:  0    Dex: 12    Spells: 4/4 levels left

rFire    . . .     SeeInvis .   d - +0 war axe (elec)
rCold    + . .     Gourm    .   (no shield)
rNeg     . . .     Faith    .   j - +0 plate armour
rPois    .         Spirit   .   (helmet restricted)
rElec    .         Reflect  .   (no cloak)
rCorr    .         Harm     .   e - +0 pair of gloves
MR       .....                  (no boots)
Stlth    ..........             (no amulet)
Regen    0.2/turn               (no ring)
MPRegen  0.1/turn               (no ring)

@: no status effects
A: horns 1, cold resistance 1
a: no special abilities


You were on level 4 of the Dungeon.
You were not hungry.

You visited 1 branch of the dungeon, and saw 4 of its levels.

You collected 136 gold pieces.

Inventory:

Hand Weapons
 d - a +0 war axe of electrocution (weapon)
Armour
 c - a +0 shield
 e - a +0 pair of gloves (worn)
 j - a +0 plate armour (worn)
Scrolls
 g - 2 scrolls of teleportation
 k - a scroll of identify
Comestibles
 b - 12 chunks of flesh
 f - 3 bread rations
 h - 3 meat rations
 i - 3 royal jellies


   Skills:
 - Level 3.0 Fighting
 * Level 5.5 Axes
 - Level 2.6 Armour
 - Level 2.6 Shields


You had 4 spell levels left.
You didn't know any spells.

Dungeon Overview and Level Annotations

Branches:
Dungeon (4/15)
 Temple: D:4-7

Altars:


Innate Abilities, Weirdness & Mutations

You have a pair of small horns on your head.
Your flesh is cold resistant. (rC+)


Message History

You are too injured to fight recklessly!
You are too injured to fight recklessly!
You are too injured to fight recklessly!
Your plate armour prevents you from hitting the orc priest.
Your headbutt misses the orc priest.
The orc priest hits you but does no damage.
A gnoll comes into view.
You completely miss the orc priest.
The gnoll shouts!
The orc priest miscasts a cantrip.
The orc priest mumbles some strange prayers to Beogh against you.
Beogh smites you!
* * * LOW HITPOINT WARNING * * *
The orc priest hits you but does no damage.
You slash the orc priest!
The orc priest is severely wounded.
The orc wizard casts a cantrip, but nothing happens.
The orc priest calls down the wrath of Beogh upon you.
Beogh smites you!
You die...

#.# #.# #.###.#
#.....# ####..#
#..# #..# #..# #
#..#######.#####
#..##...@ooo.g..
#..........o....
##.##.#######o.#
#.##.# # #[##.#
#.##.# #.....
######


You could see 2 orc priests, an orc wizard, a gnoll and 2 orcs.

Vanquished Creatures
  An orc wizard (D:4)
  An orc priest (D:4)
  Natasha (twice) (D:3)
  3 adders
  2 worms
  A dart slug (D:2)
  4 leopard geckos (D:2)
  6 orcs
  A ball python (D:1)
  8 bats
  2 giant cockroaches
  7 hobgoblins
  6 jackals
  2 quokkas (D:2)
  5 frilled lizards
  7 goblins
  7 kobolds
  9 rats
74 creatures vanquished.

Notes
Turn   | Place    | Note
-------+----------+-------------------------------------------
     0 | D:1      | wolfsongas the Demonspawn Fighter began the quest for the Orb.
     0 | D:1      | Reached XP level 1. HP: 18/18 MP: 1/1
   122 | D:1      | Reached skill level 2 in Axes
   223 | D:1      | Gained mutation: Your flesh is cold resistant. (rC+) [demonic ancestry]
   223 | D:1      | Reached XP level 2. HP: 24/24 MP: 2/2
   727 | D:2      | Reached skill level 3 in Axes
  1058 | D:2      | Gained mutation: You have a pair of small horns on your head. [demonic ancestry]
  1058 | D:2      | Reached XP level 3. HP: 29/29 MP: 3/3
  1867 | D:3      | Reached XP level 4. HP: 35/35 MP: 4/4
  1873 | D:3      | Reached skill level 4 in Axes
  2028 | D:3      | Noticed Natasha
  2036 | D:3      | Killed Natasha
  2193 | D:3      | Noticed Natasha
  2202 | D:3      | Killed Natasha
  2202 | D:3      | Reached XP level 5. HP: 35/41 MP: 5/5
  2378 | D:4      | Reached skill level 5 in Axes
  2462 | D:4      | Killed from afar by an orc priest

Vault maps used:
D:1:      saegor_arrival_under_anarchy
D:3:      first_bread, uniq_natasha

Skill      XL: |  1  2  3  4  5 |
---------------+----------------+-----
Axes           | 2 3 4 5 |  5.5
Fighting       | |  3.0
Armour         | |  2.6
Shields        | |  2.6

Action                   |  1- 3 |  4- 6 || total
-------------------------+-------+-------++-------
Melee: War axe           |   128 |    58 ||   186
       Headbutt          |     9 |    11 ||    20
  Use: Scroll            |     3 |     1 ||     4
       Potion            |     1 |     2 ||     3
  Eat: Chunk             |     3 |     2 ||     5
Armor: Scale mail        |    43 |       ||    43
       Plate armour      |    59 |    37 ||    96
Dodge: Dodged            |    50 |    15 ||    65
